 Dungeon Crawl Stone Soup version 0.31-a0-431-g88bdf31460 (webtiles) character file.

Game seed: 4329102904228092250

77 randomguy2701 the Trooper (level 4, -5/41 HPs)
             Began as a Minotaur Fighter on July 31, 2023.
             Killed by divine providence
             ... invoked by an orc priest
              (15 damage)
             ... on level 3 of the Dungeon.
             The game lasted 00:01:07 (1686 turns).

randomguy2701 the Trooper (Minotaur Fighter)        Turns: 1686, Time: 00:01:08

Health: -5/41      AC:  7    Str: 20    XL:     4   Next: 13%
Magic:  3/3        EV:  9    Int:  5    God:
Gold:   147        SH:  5    Dex: 12    Spells: 3/3 levels left

rFire   . . .        a - +0 war axe
rCold   . . .        c - +0 buckler
rNeg    . . .        b - +0 scale mail
rPois   .            (helmet restricted)
rElec   .            (no cloak)
rCorr   .            (no gloves)
SInv    .            (no boots)
Will    .....        (no amulet) Stlth
                     (no ring)
HPRegen 0.26/turn    (no ring)
MPRegen 0.08/turn

%: no passive effects
@: no status effects
A: horns 2, retaliatory headbutt
a: no special abilities


You were on level 3 of the Dungeon.
You visited 1 branch of the dungeon, and saw 3 of its levels.

You collected 147 gold pieces.

Inventory:

Hand Weapons
 a - a +0 war axe (weapon)
Armour
 b - a +0 scale mail (worn)
 c - a +0 buckler (worn)
Scrolls
 e - 2 scrolls of enchant weapon {unknown}
 g - 2 scrolls of identify {unknown}
 j - a scroll of immolation {unknown}
 k - a scroll of teleportation {unknown}
Potions
 d - a potion of might
 f - a potion of magic {unknown}
 h - a potion of invisibility {unknown}
 i - a potion of heal wounds {unknown}


   Skills:
 + Level 4.5 Fighting
 + Level 3.4 Axes
 + Level 4.2 Armour
 + Level 0.3 Dodging
 + Level 4.1 Shields


You had 3 spell levels left.
You didn't know any spells.
Your spell library contained the following spells:

 Spells                   Type           Power      Damage    Failure   Level
 Kiss of Death            Conj/Necr      0%         2d5       88%         1
 Confusing Touch          Hex            0%         N/A       99%         3
 Ozocubu's Armour         Ice            0%         N/A       99%         3
 Tukima's Dance           Hex            0%         N/A       99%         3
 Dispel Undead            Necr           0%         3d6       100%        4
 Passage of Golubria      Tloc           0%         N/A       100%        4
 Metabolic Englaciation   Hex/Ice        0%         N/A       100%        5
 Yara's Violent Unravell  Hex/Tmut       0%         3d3       100%        5
 Simulacrum               Ice/Necr       0%         N/A       100%        6


Dungeon Overview and Level Annotations

Branches:
Dungeon (3/15)

Altars:

Shops:
D:1 !


Innate Abilities, Weirdness & Mutations

You have a pair of horns on your head.
You reflexively headbutt those who attack you in melee.


Message History

The orc wizard flickers and vanishes!
Deactivating autopickup; reactivate with Ctrl-A.
You closely miss the orc. You headbutt the orc.
The orc is moderately wounded.
The orc hits you with a +0 short sword.
You closely miss the orc.
The orc is moderately wounded.
You slash the orc!
You kill the orc!
You closely miss the orc. You slash the orc!
You kill the orc!
You miss something. Your headbutt misses something.
Something hits you but does no damage.
You barely miss something. Your headbutt misses something.
You block something's attack.
The orc priest calls down the wrath of Beogh upon you.
Something writhes in agony!
You hear some strange, mumbled words.
A magic dart appears from out of thin air!
The magic dart hits you.
You barely miss something. Your headbutt misses something.
The orc priest looks braver for a moment.
You hit the orc. You headbutt the orc.
The orc is severely wounded.
You miss something. Something hits you.
The orc priest mumbles some strange prayers to Beogh against you.
Beogh smites you! The orc hits you with a +0 mace.
The orc hits you but does no damage. Something hits you.
* * * LOW HITPOINT WARNING * * *
A magic dart appears from out of thin air!
The magic dart hits you.
* * * LOW HITPOINT WARNING * * *
Something hits you but does no damage. The orc barely misses you.
You miss something. You hit the orc.
You kill the orc!
Something hits you but does no damage.
The orc priest mumbles some strange prayers to Beogh against you.
Beogh smites you!
You die...

## #####.###
.....o){# #####@#
#....## #.####
#....#
#.#########.####...
...................
...#####...#......#
#...#####...#.####.#
#.................


You could see an orc priest.

Vanquished Creatures
  2 adders (D:2)
  3 worms (D:2)
  A dart slug (D:2)
  3 orcs (D:3)
  5 bats
  3 endoplasms (D:1)
  4 giant cockroaches
  2 goblins
  A hobgoblin (D:1)
  3 quokkas
  6 ball pythons
  3 frilled lizards (D:1)
  6 kobolds
  2 rats
44 creatures vanquished.

Notes
Turn   | Place    | Note
-------+----------+-------------------------------------------
     0 | D:1      | randomguy2701 the Minotaur Fighter began the quest for the
                  | Orb.
     0 | D:1      | Reached XP level 1. HP: 19/19 MP: 0/0
   249 | D:1      | Reached XP level 2. HP: 27/27 MP: 1/1
   372 | D:1      | Found Wuosch's Distillery.
   908 | D:2      | Reached XP level 3. HP: 32/33 MP: 2/2
  1029 | D:2      | Identified the staff "Tuwuu" {rF+ rCorr Str+3 Fire}
  1556 | D:3      | Reached XP level 4. HP: 41/41 MP: 3/3
  1686 | D:3      | Killed from afar by an orc priest

Illustrated notes

Levels and vault maps discovered:
D:1:      tarquinn_simple_flora_water_b, layout_rooms, serial_shops,
          nicolae_shop_crystal, serial_rivers, chequers_serial_rivers_micro_a,
          chequers_serial_rivers_room_b, chequers_serial_rivers_micro_a,
          chequers_serial_rivers_small_a, chequers_serial_rivers_small_b,
          chequers_serial_rivers_large_a, minmay_misc_feat_tiny
D:2:      layout_loops_ring
D:3:      layout_basic, dreamdust_princess_corridor, minmay_misc_feat_pillars,
          kennysheep_nub, grunt_ministairs_4, kennysheep_small_spiral,
          minmay_surrounded, uniq_natasha

Skill      XL: |  1  2  3 |
---------------+----------+-----
Armour         | 4 |  4.2
Fighting       | 4 |  4.5
Shields        | 4 |  4.1
Axes           | 3 |  3.4
Dodging        | |  0.3

Action                     |  1- 3 |  4- 6 || total
---------------------------+-------+-------++-------
  Melee: War axe           |    89 |    17 ||   106
         Headbutt          |    11 |     2 ||    13
 Armour: Scale mail        |    52 |     8 ||    60
  Dodge: Dodged            |    38 |     7 ||    45
  Block: Buckler           |    16 |     2 ||    18

Table legend: (Time is in decaauts)
 A = Elapsed time spent in this place.
 B = Non-inter-level travel time spent in this place.
 C = Inter-level travel time spent in this place.
 D = Time resting spent in this place.
 E = Time spent auto-exploring this place.
 F = Levels seen in this place.
 G = Mean time per level.
                   A        B        C        D        E       F      G
               +--------+--------+--------+--------+--------+-----+--------+
         Total |   1740 |   1694 |     46 |      0 |   1426 |   3 |  580.0 |
       Dungeon |   1740 |   1694 |     46 |      0 |   1426 |   3 |  580.0 |
               +--------+--------+--------+--------+--------+-----+--------+

Top non-repeatable levels by time:
     D:2: 810 daAuts
     D:1: 788 daAuts
     D:3: 141 daAuts
